 Dungeon Crawl Stone Soup version 0.27.0-1-g7a08968 (webtiles) character file.

Game seed: 4793269498556218066

593 Orban the Chopper (level 7, -8/54 HPs)
             Began as a Demonspawn Berserker on Aug 31, 2022.
             Was a Believer of Trog.
             Mangled by a gnoll (12 damage)
             ... on level 4 of the Dungeon.
             The game lasted 00:04:58 (3516 turns).

Orban the Chopper (Demonspawn Berserker)            Turns: 3516, Time: 00:04:58

Health: -8/54      AC:  2    Str: 20    XL:     7   Next: 16%
Magic:  7/7        EV: 12    Int:  8    God:    Trog [**....]
Gold:   145        SH:  4    Dex: 12    Spells: 6/6 levels left

rFire    . . .     SeeInvis .   a - +0 hand axe
rCold    . . .     Faith    .   (no shield)
rNeg     . . .     Spirit   .   b - +0 animal skin
rPois    .         Reflect  .   (helmet restricted)
rElec    .         Harm     .   (no cloak)
rCorr    .         Rampage  .   (no gloves)
Will     ++...                  (no boots)
Stlth    ++........             (no amulet)
HPRegen  1.18/turn              (no ring)
MPRegen  0.10/turn              (no ring)

@: strong-willed, on berserk cooldown, regenerating
A: claws 1, horns 1, talons 1, condensation shield
a: Renounce Religion, Berserk, Trog's Hand


You were on level 4 of the Dungeon.
You worshipped Trog.
Trog was pleased with you.
You visited 1 branch of the dungeon, and saw 4 of its levels.

You collected 145 gold pieces.

Inventory:

Hand Weapons
 a - a +0 hand axe (weapon)
Armour
 b - a +0 animal skin (worn)
Scrolls
 c - 3 scrolls of teleportation {unknown}
 e - 2 scrolls of identify {unknown}
 j - 2 scrolls of torment {unknown}
 k - a scroll of noise {unknown}
 l - a scroll of acquirement {unknown}
Potions
 d - 2 potions of haste
 f - a potion of cancellation {unknown}
 g - 2 potions of flight {unknown}
 h - a potion of magic {unknown}
 i - 2 potions of heal wounds {unknown}


   Skills:
 + Level 4.0 Fighting
 + Level 5.1 Axes
 + Level 2.1 Armour
 + Level 3.3 Dodging
 + Level 2.9 Stealth
 + Level 1.9 Shields


You had 6 spell levels left.
You didn't know any spells.
Your spell library was empty.

Dungeon Overview and Level Annotations

Branches:
Dungeon (4/15)
 Temple: D:4-7

Altars:

Shops:
D:1 :?([   D:4 *


Innate Abilities, Weirdness & Mutations

You have sharp fingernails.
You have a pair of small horns on your head.
You have sharp toenails.
A meltable shield of frost defends you. (SH +4)


Message History

The stone barely misses you. The giant cockroach barely misses you.
You block the giant cockroach's attack. The giant cockroach barely misses you.
You hit the giant cockroach but do no damage.
You claw the giant cockroach.
The giant cockroach is almost dead.
The giant cockroach closely misses you. You block the giant cockroach's attack.
You hit the giant cockroach.
You kill the giant cockroach!
Trog accepts your kill.
You closely miss the gnoll. The gnoll hits you with a +0 flail!
* * * LOW HITPOINT WARNING * * *
The gnoll hits you with a +0 flail.
* * * LOW HITPOINT WARNING * * *
You closely miss the gnoll. You claw the gnoll. You headbutt the gnoll!
You kill the gnoll!
Trog accepts your kill.
The gnoll throws a stone.
The stone hits you but does no damage.
You hit the gnoll. You claw the gnoll.
The gnoll is severely wounded.
The gnoll closely misses you.
You slash the gnoll!
You kill the gnoll!
Trog accepts your kill.
You feel yourself speed up.
You hit the gnoll. Your kick misses the gnoll. You headbutt the gnoll.
The gnoll is severely wounded.
The gnoll hits you with a +0 flail.
* * * LOW HITPOINT WARNING * * *
You closely miss the gnoll.
The gnoll is severely wounded.
The gnoll barely misses you.
You hit the gnoll.
The gnoll is almost dead.
The gnoll hits you with a +0 flail.
* * * LOW HITPOINT WARNING * * *
Your skin crawls.
You feel strong-willed. The gnoll hits you with a +0 flail!
You die...

...#......####...#
............#......#
....................#
....................#
...<..........)......#
.....(.......))..?..##
...$..........†....##
.............#....#
...)...)@...#.....#
.####.#.g#####.....###
#...............##...#
#.##.........#.#####.#
..##......g..#.# #.#
....^.......##.# #.#
.....#.....g##.#####.###
.#...........#..........#
..............(........#


You could see a gnoll.

Vanquished Creatures
  Sigmund (D:3)
  Purgy (D:3)
  A phantom (D:3)
  A bullfrog zombie (D:3)
  A bullfrog skeleton (D:4)
  2 orc priests (D:4)
  An orc wizard (D:4)
  5 adders
  2 gnolls (D:4)
  An adder skeleton (D:4)
  A worm (D:2)
  2 orcs (D:4)
  4 ball pythons
  5 endoplasms
  6 giant cockroaches
  2 goblins (D:1)
  A hobgoblin (D:3)
  4 quokkas
  6 bats
  4 frilled lizards (D:1)
  A kobold (D:2)
  5 rats
57 creatures vanquished.

Notes
Turn   | Place    | Note
-------+----------+-------------------------------------------
     0 | D:1      | Orban the Demonspawn Berserker began the quest for the Orb.
     0 | D:1      | Reached XP level 1. HP: 18/18 MP: 1/1
   154 | D:1      | Found Okoebb's Magic Scroll Shop.
   494 | D:1      | Gained mutation: A meltable shield of frost defends you.
                  | (SH +4) [demonic ancestry]
   494 | D:1      | Reached XP level 2. HP: 24/24 MP: 2/2
   559 | D:1      | Found Tugamaul's Weapon Shoppe.
   617 | D:1      | Found Etoin's Antique Armour Emporium.
   741 | D:1      | Reached skill level 3 in Axes
   743 | D:1      | Found Soxit's Book Shop.
  1465 | D:2      | Gained mutation: You have a pair of small horns on your
                  | head. [demonic ancestry]
  1465 | D:2      | Reached XP level 3. HP: 19/29 MP: 3/3
  2292 | D:3      | Reached skill level 1 in Stealth
  2292 | D:3      | Reached XP level 4. HP: 21/35 MP: 4/4
  2479 | D:3      | Noticed Purgy
  2491 | D:3      | Killed Purgy
  2492 | D:3      | Reached skill level 4 in Axes
  2492 | D:3      | Reached skill level 1 in Shields
  2492 | D:3      | Gained mutation: You have sharp fingernails. [demonic
                  | ancestry]
  2492 | D:3      | Reached XP level 5. HP: 41/41 MP: 5/5
  2679 | D:3      | Noticed Sigmund
  2694 | D:3      | Killed Sigmund
  2695 | D:3      | Gained mutation: You have sharp toenails. [demonic
                  | ancestry]
  2695 | D:3      | Reached XP level 6. HP: 39/48 MP: 6/6
  3229 | D:3      | Reached ** piety under Trog
  3442 | D:4      | Found Rousilio's Mayhem Merchandise.
  3471 | D:4      | Reached skill level 5 in Axes
  3471 | D:4      | Reached XP level 7. HP: 53/53 MP: 7/7
  3515 | D:4      | HP: 2/54 [gnoll (5)]
  3516 | D:4      | Mangled by a gnoll

Illustrated notes

Levels and vault maps discovered:
D:1:      evilmike_arrival_rings, layout_basic, serial_shops, shop_fountains,
          shop_coins, nicolae_shop_temple_entry_statues_fountains,
          nicolae_shop_waterfront, minivault_27
D:2:      layout_loops_ring, minmay_misc_feat_pillars, solitary_fountain
D:3:      layout_basic, kennysheep_cross_bottleneck, uniq_sigmund, uniq_purgy
D:4:      layout_rooms, grunt_temple_overflow_open, temple_green,
          minmay_shop_mayhem

Skill      XL: |  1  2  3  4  5  6  7 |
---------------+----------------------+-----
Armour         | 2 |  2.1
Axes           | 3 4 5 |  5.1
Dodging        | 2 3 |  3.3
Stealth        | 1 2 |  2.9
Shields        | 1 |  1.9
Fighting       | 4 |  4.0

Action                   |  1- 3 |  4- 6 |  7- 9 || total
-------------------------+-------+-------+-------++-------
Melee: Hand axe          |   104 |    60 |    21 ||   185
       Headbutt          |     6 |    10 |     3 ||    19
       Kick              |       |    11 |     5 ||    16
Invok: Berserk           |     2 |     3 |       ||     5
       Trog's Hand       |       |       |     1 ||     1
  Use: Potion            |     1 |       |       ||     1
 Stab: Sleeping          |     4 |     1 |       ||     5
Armor: Animal skin       |    21 |     7 |     2 ||    30
Dodge: Dodged            |    62 |    29 |    11 ||   102
Block: Other             |    20 |    16 |     3 ||    39
